 Dungeon Crawl Stone Soup version 0.17-a0-896-g249456b (webtiles) character file.

60 barthelme the Cudgeler (level 3, 0/55 HPs)
             Began as a Troll Berserker on May 1, 2015.
             Was a Believer of Trog.
             Slain by a gnoll
             ... wielding a +0 spear
              (5 damage)
             ... on level 2 of the Dungeon.
             The game lasted 00:05:13 (1348 turns).

barthelme the Cudgeler (Troll Berserker)            Turns: 1348, Time: 00:05:14

Health: 0/55       AC:  5    Str: 31    XL:     3   Next: 82%
Magic:  2/2        EV: 10    Int:  3    God:    Trog [**....]
Gold:   98         SH:  0    Dex:  9    Spells: 0 memorised, 2 levels left

rFire  . . .     SeeInvis .     a - +0 mace
rCold  . . .     Clarity  .     b - +0 animal skin
rNeg   . . .     SustAb   .     (no shield)
rPois  .         Gourm    +     (helmet restricted)
rElec  .         Spirit   .     (no cloak)
rCorr  .         Warding  .     (gloves unavailable)
rMut   .         Stasis   .     (boots unavailable)
MR     .....                    (no amulet)
Stlth  ..........               (no ring)
                                (no ring)

@: berserking, very quick, not resistant to hostile enchantments, extremely
unstealthy
A: unfitting armour, claws 3, fast metabolism 3, gourmand, regeneration 2,
shaggy fur 1, tough skin 2
a: Burn Spellbooks, Berserk, Trog's Hand, Renounce Religion


You were on level 2 of the Dungeon.
You worshipped Trog.
Trog was pleased with you.
You were not hungry.

You visited 1 branch of the dungeon, and saw 2 of its levels.

You collected 98 gold pieces.

Inventory:

Hand weapons
 a - a +0 mace (weapon)
Armour
 b - a +0 animal skin (worn)
Scrolls
 d - a scroll of enchant weapon {unknown}
 e - 2 scrolls of amnesia {unknown}
 h - a scroll of recharging {unknown}
 j - a scroll of teleportation {unknown}
 k - a scroll of enchant armour {unknown}
Potions
 g - 2 potions of magic {unknown}
Books
 l - a Young Poisoner's Handbook

   Spells                             Type                      Level
   a - Sting                          Conjuration/Poison           1
   b - Cure Poison                    Poison                       2
   c - Mephitic Cloud                 Conjuration/Poison/Air       3
   d - Olgreb's Toxic Radiance        Poison                       4
   e - Venom Bolt                     Conjuration/Poison           5
   Trog disapproves of the use of such an item.
Comestibles
 c - 3 bread rations
 f - 5 fruits
 i - 2 meat rations


   Skills:
 + Level 3.0 Fighting
 + Level 3.1 Maces & Flails
 + Level 3.0 Dodging


You had 2 spell levels left.
You didn't know any spells.

Dungeon Overview and Level Annotations

Branches:
Dungeon (2/15)

Altars:
Sif Muna


Innate Abilities, Weirdness & Mutations

You are too large for most types of armour.
You have claws for hands.
Your metabolism is lightning-fast.
You like to eat raw meat.
You heal very quickly.
You are covered in fur (AC +1).
You have very tough skin (AC +2).


Message History

The gnoll hits you from afar with a spear!
The gnoll misses you. The gnoll barely misses you.
The gnoll hits you with a spear. The gnoll completely misses you.
You hit the gnoll.
The gnoll is lightly wounded.
The gnoll hits you but does no damage. The gnoll barely misses you.
The gnoll misses you.
You hit the gnoll.
The gnoll is severely wounded.
The gnoll hits you with a spear. The gnoll hits you with a spear!
* * * LOW HITPOINT WARNING * * *
You are too injured to fight recklessly!
You are too injured to fight recklessly!
You are too injured to fight recklessly!
You are too injured to fight recklessly!
Use which ability? (? or * to list)
A red film seems to cover your vision as you go berserk!
You feel yourself moving faster!
You feel mighty!
You feel somewhat more hungry. The gnoll hits you with a spear.
You die...

#.####..#
#####............
#.......# #............
..####### #..#.#.......
#.### #..#.........
....# #..........#
#.#.# #####........##
#.#.## #. ...#.###.#.##
#....######...#####.#.#
.#.#
#..............g@.....#
.#
#..............g......#
#....................##
#....######...#####.##
..#### #.... ..# .##
#...# #### .# #...# .#
#...# .##########...#


You could see 2 gnolls.

Vanquished Creatures
  A gnoll (D:2)
  2 giant geckos (D:1)
  A ball python (D:1)
  7 bats (D:1)
  3 goblins
  7 hobgoblins
  12 jackals
  4 kobolds (D:1)
  2 giant newts
  6 rats
45 creatures vanquished.

Notes
Turn   | Place    | Note
--------------------------------------------------------------
     0 | D:1      | barthelme, the Troll Berserker, began the quest for the Orb.
     0 | D:1      | Reached XP level 1. HP: 22/22 MP: 0/0
    97 | D:1      | Reached XP level 2. HP: 23/29 MP: 1/1
   192 | D:1      | Reached skill level 3 in Maces & Flails
   298 | D:1      | Acquired Trog's second power
   691 | D:1      | Reached XP level 3. HP: 31/36 MP: 2/2
  1194 | D:2      | Found a deep blue altar of Sif Muna.
  1348 | D:2      | Slain by a gnoll

Action                   || total
-------------------------++-------
Melee: Mace              ||   145
Invok: Berserk           ||     1
  Eat: Chunk             ||    13
